Match 40745992
Unlisted

Match 40745992
End
Kradschützen Motorcycle Team
Panzerpioneer Squad
Selects Panzerjäger Kommand Battlegroup
Selects Mine Fields
250 Light Carrier
Construct Light Support Kompanie
Assault Grenadier Squad
Panzerjäger Squad
Assault Mechanized Group
2.5-tonne Medical Truck
Fire Support Elements
Selects Defensive Positions
Selects Tank Busters
Construct Panzerarmee Kommand
Forward Retreat Point
Panzer III L Medium Tank
Vehicle Survival Package
Panzer III L Medium Tank
Selects Butterfly Bomb Drop
Butterfly Bomb Drop
Panzer III L Medium Tank
Tungsten Core Ammunition
Selects Crew Shock Tactics
Emergency Repair Kits
Assault Mechanized Group
Rapid Advance
Panzer III L Medium Tank
Crew Shock Tactics
Armored Reserves
cannot compute
nilshousker
Astralflame
[7thTN]Pvt.Anthony
0
0

Comments sign in to comment!

No comments posted yet!